 Dungeon Crawl Stone Soup version 0.17-a0-1435-geafbe2f (webtiles) character file.

1141 nubinia the Magician (level 8, -8/56 HPs)
             Began as a Mummy Wizard on June 26, 2015.
             Was an Elder of Jiyva.
             Mangled by Menkaure (15 damage)
             ... on level 6 of the Dungeon.
             The game lasted 00:29:14 (6384 turns).

nubinia the Magician (Mummy Wizard)                 Turns: 6384, Time: 00:29:14

Health: -8/56      AC:  4    Str: 11    XL:     8   Next: 14%
Magic:  3/15       EV: 13    Int: 17    God:    Jiyva [****..]
Gold:   216        SH:  0    Dex: 12    Spells: 3 memorised, 11 levels left

rFire  x . .     SeeInvis .     o - +2 dagger (drain)
rCold  + . .     Clarity  .     h - +0 robe
rNeg   + + +     SustAt   .     (no shield)
rPois  ∞         Gourm    .     k - +1 hat
rElec  .         Spirit   .     j - +0 cloak
rCorr  +         Warding  .     (no gloves)
rMut   .         Stasis   .     (no boots)
MR     +....                    (no amulet)
Stlth  ++........               (no ring)
                                (no ring)

@: repel missiles, somewhat resistant to hostile enchantments, unstealthy
A: no food or potions, fire vulnerability, cold resistance 1, negative energy
resistance 3, torment resistance, unbreathing
a: Request Jelly, Jelly Paralyse, Slimify, Renounce Religion


You were on level 6 of the Dungeon.
You worshipped Jiyva.
Jiyva was greatly pleased with you.
You were not hungry.

You visited 1 branch of the dungeon, and saw 6 of its levels.

You collected 216 gold pieces.

Inventory:

Hand weapons
 f - a +0 short sword
 g - a +0 dagger of venom
 m - a +0 dagger
 o - a +2 dagger of draining (weapon)
Armour
 a - a +0 robe
 b - a +0 hat
 h - a +0 robe (worn)
 j - a +0 cloak (worn)
 k - a +1 hat (worn)
Magical devices
 q - a wand of frost (28)
Scrolls
 d - a scroll of teleportation
 e - a scroll of fog
 i - a scroll of remove curse
 l - a scroll of random uselessness
 n - a scroll of recharging
 p - a scroll of amnesia
Books
 c - a book of Minor Magic

   Spells                             Type                      Level
   a - Magic Dart                     Conjuration                  1
   b - Blink                          Translocation                2
   c - Call Imp                       Summoning                    2
   d - Repel Missiles                 Charms/Air                   2
   e - Slow                           Hexes                        2
   f - Conjure Flame                  Conjuration/Fire             3
   g - Mephitic Cloud                 Conjuration/Poison/Air       3
 r - a book of Summonings

   Spells                             Type                      Level
   a - Recall                         Summoning/Translocation      3
   b - Aura of Abjuration             Summoning                    5
   c - Shadow Creatures               Summoning                    5
   d - Summon Demon                   Summoning                    5
   e - Summon Forest                  Summoning/Translocation      5
   f - Summon Mana Viper              Hexes/Summoning              5


   Skills:
 + Level 2.0 Fighting
 + Level 1.9 Short Blades
 + Level 4.2 Dodging
 + Level 3.7 Stealth
 + Level 5.0 Spellcasting
 + Level 3.4 Conjurations
   Level 0.7 Summonings
   Level 0.7 Translocations
 + Level 0.8 Air Magic
 + Level 0.7 Poison Magic


You had 11 spell levels left.
You knew the following spells:

 Your Spells              Type           Power        Failure   Level  Hunger
a - Magic Dart            Conj           ###.         3%          1    N/A
b - Repel Missiles        Chrm/Air       #.....       21%         2    N/A
c - Mephitic Cloud        Conj/Pois/Air  #.......     24%         3    N/A

Dungeon Overview and Level Annotations

Branches:
Dungeon (6/15)
 Temple: D:4-7

Altars:
Qazlal
Trog
The Shining One
Jiyva

Annotations:
D:6 Duvessa, Menkaure


Innate Abilities, Weirdness & Mutations

You do not eat or drink.
Your flesh is vulnerable to fire.
You are immune to poison.
Your flesh is cold resistant.
You are immune to negative energy.
You are immune to unholy pain and torment.
You can survive without breathing.


Message History

Aim: Menkaure (severely damaged)
The magic dart hits Menkaure.
Menkaure is severely damaged.
Casting: Magic Dart
Confirm with . or Enter, or press ? or * to list all spells.
Aiming: Magic Dart
Press: ? - help, Shift-Dir - straight line, f/p - Menkaure
Aim: Menkaure (severely damaged)
The magic dart hits Menkaure.
Menkaure is severely damaged.
Menkaure misses you.
Casting: Magic Dart
Confirm with . or Enter, or press ? or * to list all spells.
Aiming: Magic Dart
Press: ? - help, Shift-Dir - straight line, f/p - Menkaure
Aim: Menkaure (severely damaged)
The magic dart hits Menkaure.
Menkaure is severely damaged.
Menkaure hits you!
You die...

#........#......
#........#......
#........#....s.
#........#......
#........#......
#........#......
#........#......
######........#######
#.))@M........#
#.############# #.#
#.#### #..[.##
###.##..## #........#
#.≈≈.....# #≈≈.≈≈...#


You could see Menkaure.

Vanquished Creatures
  Pikel (D:6)
  Sigmund (D:6)
  2 slaves (D:6)
  2 ogres (D:4)
  A scorpion (D:6)
  Dowan (D:6)
  A crimson imp (D:6)
  2 hounds (D:6)
  An orc priest (D:6)
  An orc wizard (D:6)
  4 worker ants
  A hound skeleton (D:4)
  5 adders
  A white imp (D:4)
  An ooze (D:2)
  A worm (D:2)
  3 orcs
  3 ball pythons
  7 giant cockroaches
  15 hobgoblins
  2 jackals (D:3)
  A quokka (D:2)
  12 bats
  2 giant geckos
  4 giant newts
  10 goblins
  19 kobolds
  14 rats
118 creatures vanquished.

Vanquished Creatures (others)
  A slave (D:6)
  2 ogres
  A giant frog (D:6)
  7 jellies
  A crimson imp (D:4)
  An adder skeleton (D:4)
  6 orcs
  A bat (D:3)
  3 giant cockroaches
  3 kobolds
  A ball python (D:4)
  A giant newt (D:3)
  2 goblins
  A quokka (D:3)
31 creatures vanquished.

Grand Total: 149 creatures vanquished

Notes
Turn   | Place    | Note
--------------------------------------------------------------
     0 | D:1      | nubinia the Mummy Wizard began the quest for the Orb.
     0 | D:1      | Reached XP level 1. HP: 13/13 MP: 4/4
   467 | D:1      | Reached XP level 2. HP: 2/19 MP: 0/6
   830 | D:1      | Learned a level 2 spell: Repel Missiles
  1465 | D:1      | Reached XP level 3. HP: 22/24 MP: 1/8
  1470 | D:1      | Learned a level 3 spell: Mephitic Cloud
  1801 | D:1      | Reached skill level 1 in Conjurations
  2660 | D:2      | Found a bloodstained altar of Trog.
  2749 | D:2      | Reached XP level 4. HP: 15/30 MP: 2/9
  3393 | D:3      | Found a faded altar to an unknown god.
  3401 | D:3      | Became a worshipper of Jiyva Jokorph the Shapeless
  3401 | D:3      | Acquired Jiyva's first power
  3527 | D:3      | Found a glowing golden altar of the Shining One.
  3537 | D:3      | Acquired Jiyva's second power
  3925 | D:3      | Reached skill level 4 in Spellcasting
  4620 | D:4      | Acquired Jiyva's third power
  4651 | D:4      | Noticed an ogre
  4718 | D:4      | Reached XP level 5. HP: 22/35 MP: 8/11
  4843 | D:4      | Noticed an ogre
  4860 | D:4      | Killed an ogre
  4863 | D:4      | Killed an ogre
  5180 | D:5      | Entered Level 5 of the Dungeon
  5280 | D:5      | Reached XP level 6. HP: 32/42 MP: 6/12
  5348 | D:5      | Found a stormy altar of Qazlal.
  5423 | D:5      | Killed an ogre
  5476 | D:6      | Noticed Pikel
  5512 | D:6      | Killed Pikel
  5512 | D:6      | Reached skill level 1 in Fighting
  5512 | D:6      | Reached skill level 1 in Short Blades
  5512 | D:6      | Reached XP level 7. HP: 36/48 MP: 6/14
  5648 | D:6      | Noticed Sigmund
  5667 | D:6      | Killed Sigmund
  5852 | D:6      | Noticed Duvessa
  5852 | D:6      | Noticed Menkaure
  5853 | D:6      | Noticed Dowan
  6087 | D:6      | Killed Dowan
  6137 | D:6      | Reached XP level 8. HP: 29/56 MP: 15/15
  6360 | D:6      | Reached skill level 5 in Spellcasting
  6384 | D:6      | Mangled by Menkaure

Vault maps used:
D:1:      lightli_arrival_lavapool
D:2:      bloody_trog, serial_bayou_pond_e
D:3:      ecumenical_altar_2, first_bread, nrook_mini_vaults,
          nicolae_tso_swordbearing_angel
D:4:      minmay_fire_ice_demons
D:5:      kennysheep_steamy, minmay_temple_entry_poolview, basic_altar,
          minmay_ogre_servants
D:6:      portal_sewer_entry_e, uniq_sigmund, uniq_pikel, uniq_duvessa,
          uniq_menkaure

Action                   |  1- 3 |  4- 6 |  7- 9 || total
-------------------------+-------+-------+-------++-------
Melee: Unarmed           |    12 |       |       ||    12
       Short sword       |    11 |       |       ||    11
       Dagger            |    57 |   135 |    90 ||   282
 Cast: Magic Dart        |   107 |    60 |    32 ||   199
       Repel Missiles    |     1 |       |       ||     1
       Mephitic Cloud    |       |     4 |    11 ||    15
  Use: Scroll            |     2 |     5 |     3 ||    10
 Stab: Sleeping          |     1 |     6 |     3 ||    10
       Confused          |       |     3 |     4 ||     7
